 Dungeon Crawl Stone Soup version 0.30-a0-2-gf48d83f5e2 (webtiles) character file.

Game seed: 17945295136737371796

3066 siradein the Trooper (level 9, 0/72 HPs)
             Began as a Demonspawn Fighter on Aug 20, 2022.
             Was a Follower of Kikubaaqudgha.
             Slain by a gnoll sergeant
             ... wielding a +0 trident
              (7 damage)
             ... on level 7 of the Dungeon.
             The game lasted 00:15:23 (6840 turns).

siradein the Trooper (Demonspawn Fighter)           Turns: 6840, Time: 00:15:23

Health: 0/72       AC: 15    Str: 17    XL:     9   Next: 57%
Magic:  0/9        EV: 10    Int: 14    God:    Kikubaaqudgha [*.....]
Gold:   19         SH:  9    Dex: 12    Spells: 1/8 levels left

rFire   . . .      SeeInvis .    J - +2 morningstar of the Wilderness {pain, Stlth+}
rCold   . . .      Faith    +    c - +0 buckler
rNeg    . . .      Spirit   .    d - +0 steam dragon scales
rPois   +          Reflect  .    (helmet restricted)
rElec   .          Harm     .    (no cloak)
rCorr   .          Rampage  .    C - +0 pair of gloves
Will    .....                    (no boots)
Stlth   ++........               y - amulet of faith
HPRegen 0.22/turn                k - +4 ring of protection
MPRegen 0.11/turn                v - ring of poison resistance

@: no status effects
A: horns 2, icemail 1, powered by death 1, condensation shield
a: Renounce Religion, Unearth Wretches


You were on level 7 of the Dungeon.
You worshipped Kikubaaqudgha.
Kikubaaqudgha was aware of your devotion.
You visited 2 branches of the dungeon, and saw 8 of its levels.

You collected 402 gold pieces.
You spent 383 gold pieces at shops.

Inventory:

Hand Weapons
 J - the +2 morningstar of the Wilderness (weapon) {pain, Stlth+}
   (You bought it in a shop on level 6 of the Dungeon)

   In the hands of one skilled in necromantic magic, it inflicts extra damage on
   living creatures.
   Stlth:     It makes you more stealthy.
Missiles
 p - 10 poisoned darts
Armour
 c - a +0 buckler (worn)
 d - +0 steam dragon scales (worn)
 s - a +1 ring mail of cold resistance
 C - a +0 pair of gloves (worn)
Jewellery
 b - a ring of ice
 k - a +4 ring of protection (left hand)
 v - a ring of poison resistance (right hand)
 y - an amulet of faith (around neck)
Wands
 a - a wand of paralysis (10)
 I - a wand of iceblast (3)
Scrolls
 g - 2 scrolls of immolation {unknown}
 h - 3 scrolls of teleportation
 i - a scroll of poison {unknown}
 l - a scroll of fear {unknown}
 o - 2 scrolls of vulnerability {unknown}
 q - a scroll of amnesia {unknown}
 t - a scroll of fog {unknown}
 u - a scroll of silence {unknown}
 w - a scroll of enchant armour {unknown}
 x - 4 scrolls of magic mapping
 B - a scroll of acquirement {unknown}
 G - a scroll of noise {unknown}
Potions
 e - a potion of cancellation
 f - a potion of brilliance
 j - a potion of invisibility {unknown}
 m - a potion of degeneration {unknown}
 n - 3 potions of curing {unknown}
 r - a potion of haste {unknown}
 z - a potion of attraction
 A - a potion of lignification {unknown}
 D - a potion of heal wounds {unknown}
 E - a potion of flight {unknown}
 F - 2 potions of magic {unknown}
 H - a potion of berserk rage {unknown}


   Skills:
 + Level 7.5 Fighting
 + Level 6.5 Maces & Flails
 + Level 6.9 Armour
 - Level 4.0 Shields
 + Level 5.4 Necromancy


You had one spell level left.
You knew the following spells:

 Your Spells              Type           Power      Damage    Failure   Level
a - Dispel Undead         Necr           15%        3d10      36%         4
b - Vampiric Draining     Necr           15%        2d7       12%         3

Your spell library contained the following spells:

 Spells                   Type           Power      Damage    Failure   Level
 Necrotise                Necr           60%        1d7       4%          1
 Shock                    Conj/Air       0%         1d3       36%         1
 Animate Dead             Necr           15%        N/A       36%         4
 Ensorcelled Hibernation  Hex/Ice        0%         N/A       50%         2
 Passwall                 Tmut/Erth      0%         N/A       50%         2
 Static Discharge         Conj/Air       0%         3-3/arc   50%         2
 Dazzling Flash           Conj/Hex       0%         N/A       73%         3
 Swiftness                Air            0%         N/A       73%         3
 Agony                    Necr           15%        N/A       73%         5
 Anguish                  Hex/Necr       3%         N/A       77%         4
 Airstrike                Air            0%         2d(0-16)  98%         4
 Sticky Flame             Conj/Fire      0%         2d3       98%         4
 Silence                  Hex/Air        0%         N/A       100%        5


Dungeon Overview and Level Annotations

Branches:
Dungeon (7/15)             Temple (1/1) D:5

Altars:
Cheibriados
Gozag
Hepliaklqana
Kikubaaqudgha
Okawaru
Sif Muna
Wu Jian
Xom
Yredelemnul

Shops:
D:1 :   D:3 [   D:6 *

Annotations:
D:6 3 runed translucent doors, voltaire321's ghost, novice OpVM
D:7 Dowan; Duvessa; Menkaure


Innate Abilities, Weirdness & Mutations

You have a pair of horns on your head.
A meltable icy envelope protects you from harm. (AC +4)
You regenerate a little health from kills.
A meltable shield of frost defends you. (SH +4)


Message History

The gnoll sergeant hits you from afar with a +0 trident.
You puncture the ice beast!
You kill the ice beast!
Kikubaaqudgha accepts your kill.
The gnoll sergeant hits you from afar with a +0 trident!
* * * LOW HITPOINT WARNING * * *
You block the gnoll sergeant's attack.
The gnoll sergeant hits you from afar with a +0 trident.
* * * LOW HITPOINT WARNING * * *
You hit the black bear but do no damage.
The black bear writhes in agony.
The black bear is lightly wounded.
You block the gnoll sergeant's attack.
The black bear bites you but does no damage.
The black bear claws you but does no damage.
The black bear barely misses you.
You puncture the black bear!
The black bear writhes in agony.
The black bear is severely wounded.
The gnoll sergeant hits you from afar with a +0 trident!
* * * LOW HITPOINT WARNING * * *
The black bear bites you but does no damage.
The black bear misses you.
The black bear claws you but does no damage.
You block the black bear's attack. x2; The black bear barely misses you.
Casting: Vampiric Draining (dangerous; 12% risk of failure)
Confirm with . or Enter, or press ? or * to list all spells.
Aiming: Vampiric Draining (dangerous; 12% risk of failure)
Press: ? - help, Shift-Dir - straight line, f - black bear
Aim: a black bear (severely wounded)
You draw life force from the black bear!
You kill the black bear!
Kikubaaqudgha accepts your kill.
You feel life coursing into your body.
The gnoll sergeant hits you from afar with a +0 trident.
* * * LOW HITPOINT WARNING * * *
The gnoll sergeant misses you. The gnoll attacks as you move away!
You block the gnoll's attack.
The gnoll sergeant hits you from afar with a +0 trident!
You die...
Kikubaaqudgha rasps: "You have failed me!
Welcome... death!"

...........
...........
##.#....$... ###
#..#........
#.#####.........##
##..#.##......#.# .
#..ggo........#
#.g.##.......##
#.@.###.###).## ..
##......####..#....
..#[.....g......#
...##.....###...##
....###...## ....#
.##... ..... ......
## .... #....
...... #... . ..
...#.# .....#


You could see a gnoll sergeant, 2 gnolls and an orc.

Vanquished Creatures
  Pikel (D:5)
  Maggie (D:7)
  A steam dragon (D:6)
  4 water moccasins
  An ice beast (D:7)
  3 black bears
  2 ogres (D:4)
  A lemure (D:5)
  3 phantoms
  A centaur (D:6)
  A bullfrog (D:7)
  2 scorpions
  2 howler monkeys
  4 jellies
  5 hounds
  2 gnoll boudas
  3 iguanas
  3 orc wizards
  13 gnolls
  6 adders
  A shadow imp (D:6)
  A white imp (D:7)
  2 ufetubi
  A worm (D:2)
  2 dart slugs
  9 orcs
  6 endoplasms
  A giant cockroach (D:1)
  9 goblins
  7 hobgoblins
  3 jackals (D:4)
  A kobold (D:3)
  5 quokkas
  9 ball pythons
  8 bats
  3 frilled lizards
  4 rats
131 creatures vanquished.

Notes
Turn   | Place    | Note
-------+----------+-------------------------------------------
     0 | D:1      | siradein the Demonspawn Fighter began the quest for the
                  | Orb.
     0 | D:1      | Reached XP level 1. HP: 18/18 MP: 1/1
   108 | D:1      | Gained mutation: You have a pair of small horns on your
                  | head. [demonic ancestry]
   108 | D:1      | Reached XP level 2. HP: 24/24 MP: 2/2
   436 | D:1      | Found a faded altar of an unknown god.
   530 | D:1      | Found Dothu's Book Emporium.
   963 | D:2      | Gained mutation: A meltable shield of frost defends you.
                  | (SH +4) [demonic ancestry]
   963 | D:2      | Reached XP level 3. HP: 24/29 MP: 3/3
  1439 | D:2      | Gained mutation: A meltable icy envelope protects you from
                  | harm. (AC +4) [demonic ancestry]
  1439 | D:2      | Reached XP level 4. HP: 35/35 MP: 4/4
  1750 | D:3      | Found Ystyadd's Antique Armour Boutique.
  1795 | D:3      | Bought a shiny ring mail for 140 gold pieces
  2469 | D:4      | Gained mutation: You have a pair of horns on your head.
                  | [demonic ancestry]
  2469 | D:4      | Reached XP level 5. HP: 40/42 MP: 5/5
  2495 | D:4      | Noticed an ogre
  2498 | D:4      | Noticed a water moccasin
  2518 | D:3      | Killed a water moccasin
  2519 | D:3      | Reached skill level 4 in Fighting
  2519 | D:3      | Reached XP level 6. HP: 13/48 MP: 6/6
  3708 | D:4      | Reached XP level 7. HP: 49/55 MP: 7/7
  3753 | D:4      | Reached skill level 5 in Fighting
  4019 | D:5      | Entered Level 5 of the Dungeon
  4140 | D:5      | Found a staircase to the Ecumenical Temple.
  4185 | D:5      | Reached skill level 5 in Armour
  4207 | Temple   | Entered the Ecumenical Temple
  4229 | Temple   | Became a worshipper of Kikubaaqudgha
  4315 | D:5      | Reached skill level 1 in Necromancy
  4590 | D:5      | Gained mutation: You regenerate a little health from kills.
                  | [demonic ancestry]
  4590 | D:5      | Reached XP level 8. HP: 58/64 MP: 8/8
  4912 | D:5      | Noticed Pikel
  4934 | D:5      | Killed Pikel
  4935 | D:5      | Reached skill level 6 in Fighting
  4935 | D:5      | Reached skill level 5 in Maces & Flails
  4967 | D:5      | Learned a level 4 spell: Dispel Undead
  5364 | D:6      | Found Muwisk's Assorted Antiques.
  5419 | D:6      | Noticed a white ugly thing
  5421 | D:6      | Noticed a red ugly thing
  5422 | D:6      | Noticed voltaire321's ghost (novice OpVM)
  5429 | D:6      | Reached XP level 9. HP: 69/71 MP: 9/9
  5439 | D:6      | Found a runed translucent gate.
  5542 | D:6      | Found a hazy altar of Hepliaklqana.
  5711 | D:6      | Found a runed translucent gate.
  5711 | D:6      | Found a runed translucent gate.
  5929 | D:6      | Reached * piety under Kikubaaqudgha
  5929 | D:6      | Received a gift from Kikubaaqudgha
  5934 | D:6      | Learned a level 3 spell: Vampiric Draining
  6268 | D:7      | Noticed Maggie
  6283 | D:7      | Reached skill level 7 in Fighting
  6288 | D:7      | Killed Maggie
  6575 | D:6      | Bought a polished morningstar for 243 gold pieces
  6575 | D:6      | Identified the +2 morningstar of the Wilderness {pain,
                  | Stlth+} (You bought it in a shop on level 6 of the Dungeon)
  6674 | D:7      | Reached skill level 5 in Necromancy
  6805 | D:7      | Noticed Menkaure
  6815 | D:7      | Noticed Duvessa
  6816 | D:7      | Noticed Dowan
  6840 | D:7      | Slain by a gnoll sergeant

Illustrated notes

Levels and vault maps discovered:
D:1:      psy_arrival_radial02, layout_loops_ring,
          nicolae_ecumenical_snake_handling, serial_shops, shop,
          roderic_roman_lattice
D:2:      layout_basic
D:3:      layout_rooms, serial_shops, shop_coins
D:4:      layout_rooms
D:5:      nicolae_cairo_tiling, layout_gridville,
          minmay_temple_entry_statues_pillars, minmay_strange_pillars,
          uniq_pikel
D:6:      layout_layer_cave, worldfamousw_hep_ancestral_shrine, serial_shops,
          kennysheep_mini_moat, gammafunk_ghost_split
D:7:      layout_cave_pools, uniq_duvessa, uniq_menkaure, uniq_maggie
Temple:   nicolae_temple_the_god_donut

Skill      XL: |  1  2  3  4  5  6  7  8  9 |
---------------+----------------------------+-----
Maces & Flails | 2 3 4 5 6 |  6.5
Shields        | 3 4 |  4.0
Armour         | 3 4 5 6 |  6.9
Fighting       | 4 5 6 7 |  7.5
Necromancy     | 1 4 5 |  5.4

Action                   |  1- 3 |  4- 6 |  7- 9 || total
-------------------------+-------+-------+-------++-------
Melee: Flail             |    87 |   156 |   173 ||   416
       Headbutt          |    11 |    30 |    32 ||    73
       Morningstar       |       |       |    18 ||    18
Throw: Dart              |       |       |     1 ||     1
 Cast: Vampiric Draining |       |       |     3 ||     3
  Use: Scroll            |       |     1 |     6 ||     7
       Potion            |       |       |     1 ||     1
Armor: Scale mail        |    46 |       |       ||    46
       Ring mail         |       |    59 |    77 ||   136
       Plate armour      |       |     9 |       ||     9
       Steam dragon scal |       |       |    19 ||    19
Dodge: Dodged            |    37 |    51 |   101 ||   189
Block: Buckler           |    30 |    78 |    92 ||   200

Table legend: (Time is in decaauts)
 A = Elapsed time spent in this place.
 B = Non-inter-level travel time spent in this place.
 C = Inter-level travel time spent in this place.
 D = Time resting spent in this place.
 E = Time spent auto-exploring this place.
 F = Levels seen in this place.
 G = Mean time per level.
                   A        B        C        D        E       F      G
               +--------+--------+--------+--------+--------+-----+--------+
         Total |   6963 |   6680 |    283 |    623 |   4878 |   8 |  870.4 |
       Dungeon |   6927 |   6656 |    271 |    623 |   4866 |   7 |  989.6 |
        Temple |     35 |     23 |     12 |      0 |     12 |   1 |   35.0 |
               +--------+--------+--------+--------+--------+-----+--------+

Top non-repeatable levels by time:
     D:6: 1251 daAuts
     D:4: 1178 daAuts
     D:3: 1161 daAuts
     D:5: 968 daAuts
     D:1: 957 daAuts
     D:2: 812 daAuts
     D:7: 599 daAuts
  Temple: 35 daAuts
